 Dungeon Crawl Stone Soup version 0.24.0-123-gd5b16e6ec5 (webtiles) character file.

Game seed: 18058234818095767562, levelgen mode: deterministic

28402 sandmanx the Peltast (level 13, -13/76 HPs)
             Began as a Gargoyle Fighter on Jan 7, 2020.
             Was a High Priest of Okawaru.
             Mangled by an ettin
             ... wielding a +0 dire flail
              (29 damage)
             ... on level 15 of the Dungeon on Jan 8, 2020.
             The game lasted 02:09:30 (18964 turns).

sandmanx the Peltast (Gargoyle Fighter)            Turns: 18964, Time: 02:09:30

Health: -13/76     AC: 31    Str: 25    XL:     13   Next: 38%
Magic:  13/13      EV:  6    Int:  9    God:    Okawaru [*****.]
Gold:   953        SH: 20    Dex:  9    Spells: 12/12 levels left

rFire    . . .     SeeInvis +   r - +4 whip (drain)
rCold    . . .     Gourm    .   x - +0 large shield
rNeg     + + .     Faith    .   M - +0 plate armour {MR+}
rPois    ∞         Spirit   .   f - +0 helmet {SInv}
rElec    +         Reflect  .   P - +1 cloak
rCorr    .         Harm     .   (no gloves)
MR       ++...                  D - +2 pair of boots {run}
Stlth    ..........             (no amulet)
HPRegen  0.22/turn              U - ring of positive energy
MPRegen  0.13/turn              V - ring of protection from magic

@: quick
A: negative energy resistance 1, electricity resistance, unbreathing,
petrification resistance, rot immunity, AC +9
a: Heroism, Finesse, Renounce Religion


You were on level 15 of the Dungeon.
You worshipped Okawaru.
Okawaru was extremely pleased with you.
You were not hungry.

You visited 1 branch of the dungeon, and saw 15 of its levels.

You collected 953 gold pieces.

Inventory:

Hand Weapons
 r - a +4 whip of draining (weapon)
 u - a +0 hunting sling
 z - a +1 flail of holy wrath
 Z - the +6 great mace of Terror {freeze, Int+2, unknown}
   (Okawaru gifted it to you on level 13 of the Dungeon)

   It has been specially enchanted to freeze those struck by it, causing extra
   injury to most foes and up to half again as much damage against particularly
   susceptible opponents.
   It can also slow down cold-blooded creatures.
   It affects your intelligence (+2).
Missiles
 s - 624 stones (quivered)
Armour
 f - a +0 helmet of see invisible (worn)
 x - a +0 large shield (worn)
 D - a +2 pair of boots of running (worn)
 M - a +0 plate armour of magic resistance (worn)
 P - a +1 cloak (worn)
Jewellery
 w - an uncursed ring of stealth
 L - an uncursed ring of stealth
 R - an uncursed ring of wizardry
 T - a cursed -3 ring of protection
 U - a ring of positive energy (left hand)
 V - a ring of protection from magic (right hand)
 W - an uncursed ring of stealth
Wands
 y - a wand of random effects (21)
 F - a wand of flame (19)
 G - a wand of iceblast (11)
 Q - a wand of digging (4)
 S - a wand of paralysis (10)
Scrolls
 e - 4 scrolls of enchant weapon {unknown}
 h - 7 scrolls of blinking {unknown}
 j - 4 scrolls of identify
 k - 5 scrolls of fear {unknown}
 l - 2 scrolls of amnesia {unknown}
 m - 4 scrolls of magic mapping {unknown}
 o - 9 scrolls of teleportation
 q - 8 scrolls of remove curse {unknown}
 v - 2 scrolls of fog {unknown}
 E - 3 scrolls of enchant armour {unknown}
 H - a scroll of summoning {unknown}
 X - a scroll of acquirement {unknown}
Potions
 a - 2 potions of degeneration
 d - 4 potions of might
 i - 3 potions of curing {unknown}
 n - 3 potions of brilliance {unknown}
 t - 5 potions of heal wounds {unknown}
 A - 5 potions of lignification {unknown}
 C - a potion of haste
 I - a potion of berserk rage {unknown}
 J - 2 potions of magic {unknown}
 K - 2 potions of flight {unknown}
 N - a potion of ambrosia {unknown}
Comestibles
 p - 23 rations


   Skills:
 + Level 6.6 Fighting
   Level 1.1(8.0) Axes
 * Level 13.1(13.2) Maces & Flails
 - Level 1.4 Throwing
 + Level 10.1 Armour
 - Level 1.1 Dodging
 - Level 1.0 Stealth
 + Level 15.5 Shields


You had 12 spell levels left.
You didn't know any spells.
Your spell library contained the following spells:

 Spells                   Type           Power        Failure   Level  Hunger
 Animate Skeleton         Necr           N/A          100%        1    ##.....
 Apportation              Tloc           #.....       100%        1    ##.....
 Confusing Touch          Hex            #.....       100%        1    ##.....
 Summon Small Mammal      Summ           #...         100%        1    ##.....
 Call Imp                 Summ           #.......     100%        2    ###....
 Call Canine Familiar     Summ           #.......     100%        3    ####...
 Summon Guardian Golem    Hex/Summ       #.......     100%        3    ####...
 Summon Ice Beast         Ice/Summ       #.......     100%        4    #####..
 Summon Lightning Spire   Summ/Air       #.......     100%        4    #####..


Dungeon Overview and Level Annotations

Branches:
Dungeon (15/15)            Temple (0/1) D:4            Lair (0/6) D:10
    Orc (0/2) D:10         Vaults (0/5) D:14
 Depths: D:15

Altars:
Ashenzari
Cheibriados
Dithmenos
Elyvilon
Kikubaaqudgha
Makhleb
Nemelex Xobeh
Okawaru
Ru
Sif Muna
Uskayaw
Vehumet
Xom
The Shining One

Shops:
D:5 =   D:8 %   D:10 =   D:11 }   D:13 *   D:14 :


Innate Abilities, Weirdness & Mutations

You are resistant to torment.
Your stone body is resilient. (AC +9)
You are immune to poison.
You resist negative energy. (rN+)
You are resistant to electric shocks. (rElec)
You can survive without breathing.
You are immune to petrification.
You are immune to rotting.


Message History

You block the two-headed ogre's attack.
Found a short sword.
You whack the two-headed ogre! You drain the two-headed ogre.
The two-headed ogre is lightly wounded.
You whack the two-headed ogre!
The two-headed ogre is heavily wounded.
The two-headed ogre hits you with a +0 giant club!
* * * LOW HITPOINT WARNING * * *
You block the two-headed ogre's attack.
You whack the two-headed ogre! You drain the two-headed ogre.
The two-headed ogre is severely wounded.
You barely miss the two-headed ogre.
The two-headed ogre is severely wounded.
You block the two-headed ogre's attack.
The two-headed ogre hits you but does no damage.
You closely miss the two-headed ogre.
The two-headed ogre is severely wounded.
You block the ettin's attack.
The ettin hits you with a cursed -1 dire flail!!
You die...

##########)
#yC@O......
#y#########
#.# #C# #y#
#.# #y# #.#
#.#


You could see an ettin, a two-headed ogre and 2 vampire mosquitoes.

Vanquished Creatures
  A centaur warrior (D:13)
  3 two-headed ogres
  2 tengu warriors
  4 skeletal warriors
  An unseen horror (D:11)
  A deep troll (D:15)
  An orc knight (D:14)
  A deep elf mage (D:14)
  2 manticores (D:14)
  A cyclops (D:12)
  5 ugly things
  A salamander (shapeshifter) (D:13)
  3 gargoyles
  A kobold demonologist (D:13)
  A jumping spider (shapeshifter) (D:12)
  A troll (D:13)
  3 slime creatures (D:12)
  3 hippogriffs
  A spriggan (D:8)
  2 shadows
  4 wyverns
  Sigmund (D:2)
  A wraith (D:11)
  5 yaks
  16 humans
  2 hungry ghosts
  Menkaure (D:4)
  A vampire mosquito (D:14)
  An acid dragon (D:13)
  9 orc warriors
  An ice beast (D:14)
  5 sky beasts
  2 black bears
  3 phantoms
  2 eyes of draining (D:13)
  10 ogres
  13 centaurs
  2 crocodiles
  4 big kobolds
  5 bullfrogs
  A gnoll sergeant (D:7)
  2 wyvern skeletons
  4 scorpions
  12 killer bees
  3 wights (D:9)
  5 crimson imps
  4 centaur zombies
  5 bullfrog zombies
  6 hounds
  5 orc priests
  2 jellies
  2 bullfrog skeletons (D:6)
  7 centaur skeletons
  Terence (D:2)
  2 iguanas
  18 orc wizards
  7 worker ants
  2 hound skeletons
  A worker ant zombie (D:7)
  Robin (D:2)
  16 gnolls
  9 adders
  3 river rats (D:7)
  4 shadow imps
  3 adder skeletons
  4 worms
  A dart slug (D:3)
  4 leopard geckos
  55 orcs
  2 giant cockroaches
  44 goblins
  36 hobgoblins
  4 jackals (D:1)
  20 kobolds
  4 quokkas
  A ball python (D:4)
  8 bats
  5 frilled lizards
  A jackal zombie (D:5)
  A quokka skeleton (D:5)
  A quokka zombie (D:6)
  16 rats
458 creatures vanquished.

Vanquished Creatures (others)
  An unseen horror (D:14)
1 creature vanquished.

Grand Total: 459 creatures vanquished

Notes
Turn   | Place    | Note
-------+----------+-------------------------------------------
     0 | D:1      | sandmanx the Gargoyle Fighter began the quest for the Orb.
     0 | D:1      | Reached XP level 1. HP: 14/14 MP: 1/1
    88 | D:1      | Reached XP level 2. HP: 16/19 MP: 2/2
   346 | D:1      | Reached XP level 3. HP: 11/24 MP: 3/3
   699 | D:2      | Noticed Sigmund
   854 | D:2      | Reached XP level 4. HP: 27/29 MP: 4/4
   972 | D:2      | Noticed Robin
  1152 | D:2      | Noticed a sky beast
  1191 | D:1      | Killed a sky beast
  1554 | D:2      | Found an iron altar of Okawaru.
  1575 | D:2      | Noticed Terence
  1602 | D:2      | Killed Terence
  1602 | D:2      | Reached XP level 5. HP: 27/33 MP: 5/5
  1811 | D:2      | Reached skill level 4 in Shields
  1942 | D:2      | Killed Robin
  2040 | D:2      | Found a burning altar of Makhleb.
  2556 | D:3      | Found a sparkling altar of Nemelex Xobeh.
  2635 | D:3      | Reached skill level 1 in Dodging
  2862 | D:3      | Reached XP level 6. HP: 38/38 MP: 6/6
  3362 | D:4      | Found a staircase to the Ecumenical Temple.
  3443 | D:4      | Found a shattered altar of Ashenzari.
  3456 | D:4      | Noticed a phantom
  3475 | D:4      | Killed a phantom
  3607 | D:4      | Identified a +2 pair of boots of running (You found it on
                  | level 4 of the Dungeon)
  3613 | D:4      | Found a snail-covered altar of Cheibriados.
  3682 | D:4      | Noticed Menkaure
  3761 | D:4      | Reached XP level 7. HP: 44/44 MP: 7/7
  3889 | D:4      | Found a glowing golden altar of the Shining One.
  4108 | D:5      | Entered Level 5 of the Dungeon
  4260 | D:5      | Reached skill level 1 in Axes
  4566 | D:5      | Found Rytusasi's Jewellery Boutique.
  4832 | D:5      | Reached skill level 5 in Shields
  4834 | D:5      | Reached skill level 5 in Maces & Flails
  5544 | D:6      | Reached XP level 8. HP: 48/48 MP: 8/8
  5629 | D:6      | Reached skill level 6 in Shields
  5869 | D:6      | Reached skill level 5 in Armour
  5869 | D:6      | Reached skill level 1 in Stealth
  5895 | D:6      | Reached skill level 5 in Fighting
  6029 | D:6      | Reached skill level 7 in Shields
  6059 | D:6      | Reached XP level 9. HP: 52/54 MP: 9/9
  6303 | D:4      | Killed Menkaure
  6487 | D:2      | Became a worshipper of Warmaster Okawaru
  6637 | D:2      | Killed Sigmund
  6713 | D:7      | Found a white marble altar of Elyvilon.
  7060 | D:7      | Reached * piety under Okawaru
  7211 | D:7      | Reached skill level 8 in Shields
  7547 | D:7      | Found a sacrificial altar of Ru.
  7859 | D:8      | Found a shimmering altar of Xom.
  7886 | D:8      | Reached skill level 9 in Shields
  7945 | D:8      | Found a burning altar of Makhleb.
  7976 | D:8      | Reached ** piety under Okawaru
  7976 | D:8      | Reached XP level 10. HP: 59/59 MP: 10/10
  8003 | D:8      | Found Siulaineu's Food Boutique.
  8128 | D:8      | Found a hide-covered altar of Uskayaw.
  8233 | D:8      | Found a shimmering blue altar of Sif Muna.
  8404 | D:8      | Found a shadowy altar of Dithmenos.
  8641 | D:9      | Found a radiant altar of Vehumet.
  8670 | D:9      | Noticed a two-headed ogre
  8718 | D:9      | Killed a two-headed ogre
  8718 | D:9      | Reached skill level 10 in Maces & Flails
  8718 | D:9      | Reached skill level 10 in Shields
  8757 | D:9      | Reached *** piety under Okawaru
  8981 | D:9      | You fall into a shaft and drop 1 floor!
  8981 | D:10     | Entered Level 10 of the Dungeon
  9129 | D:10     | Found Rapoger's Jewellery Emporium.
  9557 | D:10     | Found a staircase to the Lair.
  9723 | D:10     | Found a staircase to the Orcish Mines.
 10230 | D:11     | Reached **** piety under Okawaru
 10426 | D:11     | Found an ancient bone altar of Kikubaaqudgha.
 10437 | D:11     | Found Plog's Gadget Boutique.
 10723 | D:11     | Reached XP level 11. HP: 64/64 MP: 11/11
 10782 | D:11     | Noticed an unseen horror
 10785 | D:11     | Found the +12 Vampire's Tooth {vamp}
 10802 | D:11     | Reached skill level 11 in Shields
 10834 | D:11     | Noticed a skeletal warrior
 11293 | D:11     | Killed an unseen horror
 11314 | D:11     | Reached ***** piety under Okawaru
 12623 | D:12     | Noticed a skeletal warrior
 12628 | D:12     | Noticed a skeletal warrior
 12679 | D:12     | Received a gift from Okawaru
 12694 | D:12     | Reached skill level 12 in Shields
 12930 | D:12     | Noticed a skeletal warrior
 13084 | D:11     | Killed a skeletal warrior
 13672 | D:12     | Killed a skeletal warrior
 13683 | D:12     | Reached skill level 13 in Shields
 14111 | D:12     | Noticed a cyclops
 14286 | D:12     | Reached XP level 12. HP: 29/68 MP: 12/12
 14938 | D:13     | Found Omuirrar's Changing Room.
 15059 | D:13     | Reached skill level 1 in Throwing
 15127 | D:13     | Noticed a two-headed ogre
 15165 | D:13     | Noticed a tengu warrior
 15358 | D:12     | Received a gift from Okawaru
 15392 | D:11     | Reached skill level 14 in Shields
 15458 | D:11     | Killed a tengu warrior
 15948 | D:13     | Noticed a tengu warrior
 15987 | D:13     | Killed a tengu warrior
 15987 | D:13     | Received a gift from Okawaru
 16164 | D:13     | Killed a two-headed ogre
 16531 | D:14     | Found Puocear's Book Shoppe.
 16621 | D:14     | Found a gate to the Vaults.
 16621 | D:14     | Noticed a two-headed ogre
 16621 | D:14     | Noticed a centaur warrior
 16729 | D:13     | Killed a centaur warrior
 16751 | D:13     | Reached skill level 15 in Shields
 16955 | D:13     | Received a gift from Okawaru
 16964 | D:13     | Got an encrusted great mace {god gift}
 17169 | D:14     | Reached XP level 13. HP: 57/74 MP: 13/13
 17637 | D:14     | Reached skill level 10 in Armour
 17734 | D:13     | Reached ****** piety under Okawaru
 17889 | D:14     | Received a gift from Okawaru
 18778 | D:15     | Entered Level 15 of the Dungeon
 18866 | D:15     | Noticed an ettin
 18964 | D:15     | Mangled by an ettin

Levels and vault maps discovered:
D:1:      dpeg_arrival_subterranean_lakeside_camping, layout_basic
D:2:      layout_loops_ring, marbit_many_paths, kennysheep_okawaru_gauntlet,
          minmay_tiny_reverse_x, uniq_robin, uniq_sigmund, uniq_terence
D:3:      layout_basic, nemelex_xobeh_ov_fountains_minmay
D:4:      layout_basic, lemuel_coloured_pillars_altar,
          nicolae_tso_swordbearing_angel, kennysheep_mini, temple_fountains,
          first_ration, uniq_menkaure
D:5:      minmay_goblin_kobold_castle, layout_basic, serial_shops, shop
D:6:      wander_river, layout_loops_corners, minmay_joined_circles
D:7:      wad_woods_settlement, layout_basic, kennysheep_mini_moat,
          lemuel_crystal_altar
D:8:      layout_gridville, brannock_xom_greatest_gift, lemuel_round_altar,
          eat_drink_and_be_merry_uskayaw,
          nicolae_dithmenos_through_a_glass_darkly, serial_shops,
          shop_fountains, grunt_pizzeria, bloody_makhleb
D:9:      layout_rooms, old_standard_altar, kennysheep_generic_room_15
D:10:     minmay_flawed_box, layout_basic, lair_entry_dummy, orc_0_dummy,
          serial_shops, nicolae_shop_behind_doors
D:11:     layout_stronghold, serial_shops, shop, basic_altar,
          minmay_mirror_moons_of_madness
D:12:     layout_gridville, corexii_leaking_fountain
D:13:     layout_irregular_city, chequers_avenue, nicolae_transmutations_shop
D:14:     layout_layer_cave, david_vaults_3, serial_shops, shop,
          chequers_serial_rivers_small_a
D:15:     hangedman_depths_entry_civil_slaughter, layout_loops_ring,
          nrook_mini_backslash, evilmike_butchery, uniq_rupert, uniq_kirke

Skill      XL: |  1  2  3  4  5  6  7  8  9 10 11 12 13 |
---------------+----------------------------------------+-----
Fighting       | 4 5 6 |  6.6
Maces & Flails | 3 4 5 7 9 10 11 12 13 | 13.1
Armour         | 4 5 7 8 9 10 | 10.1
Shields        | 4 5 7 9 10 13 15 | 15.5
Dodging        | 1 |  1.1
Axes           | 1 |  1.1
Stealth        | 1 |  1.0
Throwing       | 1 |  1.4

Action                   |  1- 3 |  4- 6 |  7- 9 | 10-12 | 13-15 || total
-------------------------+-------+-------+-------+-------+-------++-------
Melee: Flail             |   124 |   268 |       |   346 |       ||   738
       War axe           |       |     8 |    54 |       |       ||    62
       Whip              |       |       |   513 |   986 |   280 ||  1779
Throw: Stone             |       |    13 |     4 |    33 |       ||    50
Invok: Heroism           |       |       |       |     1 |       ||     1
  Use: Scroll            |       |       |       |     1 |     7 ||     8
  Eat: Ration            |     1 |       |       |     2 |     1 ||     4
       Chunk             |       |     7 |    14 |    23 |     4 ||    48
Armor: Scale mail        |    66 |   171 |   114 |       |       ||   351
       Plate armour      |       |       |    41 |   531 |    84 ||   656
Dodge: Dodged            |    40 |    99 |    66 |   127 |    32 ||   364
Block: Shield            |    68 |   168 |       |       |       ||   236
       Large shield      |       |    18 |   382 |  1073 |   210 ||  1683
